 Dungeon Crawl Stone Soup version 0.29.0-13-gc9e81de378 (webtiles) character file.

Game seed: 2438393476104832510

12401 SnakkuSnakku7 the Marksdjinni (level 12, -1/76 HPs)
             Began as a Djinni Hunter on Sept 9, 2022.
             Was a Priest of Dithmenos.
             Slain by a dire elephant simulacrum (4 damage)
             ... in an ice cave.
             The game lasted 00:16:45 (10856 turns).

SnakkuSnakku7 the Marksdjinni (Djinni Hunter)      Turns: 10856, Time: 00:16:45

Health: -1/76      AC: 15    Str: 12    XL:     12   Next: 19%
Gold:   299        EV: 12    Int: 12    God:    Dithmenos [***...] SH:  0 Dex: 21

rFire   + . .      SeeInvis .   a - +1 shortbow (venom)
rCold   + + .      Faith    .   (shield currently unavailable)
rNeg    . . .      Spirit   .   v - +3 leather armour of Fige {Drain rC++ MP+9 Str+2}
rPois   ∞          Reflect  .   f - +2 helmet
rElec   .          Harm     .   D - +2 cloak {rCorr}
rCorr   +          Rampage  .   h - +2 pair of gloves
Will    ++...                   (boots unavailable)
Stlth   ++........              q - amulet of regeneration
HPRegen 1.02/turn               d - ring of ice
MPRegen 0.00/turn               F - ring of willpower

@: flying, wreathed by umbra
A: sickness immunity, fire resistance 2, cold vulnerability 1, float, innate
caster, HP casting, extra vitality 1
a: Renounce Religion, Shadow Step


You were in an ice cave.
You worshipped Dithmenos.
Dithmenos was most pleased with you.
You visited 3 branches of the dungeon, and saw 12 of its levels.
You also visited: Ice Cave.

You collected 619 gold pieces.
You spent 320 gold pieces at shops.

Inventory:

Hand Weapons
 a - a +1 shortbow of venom (weapon)
Armour
 f - a +2 helmet (worn)
 h - a +2 pair of gloves (worn)
 s - +0 swamp dragon scales
 v - the +3 leather armour of Fige (worn) {Drain rC++ MP+9 Str+2}
   (You found it on level 3 of the Dungeon)

   Str:       It affects your strength (+2).
   rC:        It greatly protects you from cold.
   MP:        It affects your magic capacity (+9).
   Drain:     It drains your maximum health when unequipped.
 D - a +2 cloak of preservation (worn)
Jewellery
 d - a ring of ice (left hand)
 q - an amulet of regeneration (around neck)
 F - a ring of willpower (right hand)
Wands
 w - a wand of charming (32)
 y - a wand of roots (20)
 A - a wand of flame (62)
 B - a wand of acid (8)
Scrolls
 b - 2 scrolls of immolation
 e - 3 scrolls of poison
 k - a scroll of vulnerability
 l - 4 scrolls of butterflies
 o - 5 scrolls of teleportation
 p - a scroll of enchant weapon
 r - 2 scrolls of magic mapping
 x - 2 scrolls of enchant armour
Potions
 c - a potion of invisibility {unknown}
 g - 2 potions of might
 i - a potion of heal wounds
 j - 5 potions of lignification
 m - 7 potions of attraction
 n - 2 potions of ambrosia
 t - 2 potions of mutation
 u - 3 potions of curing
 z - 2 potions of haste {unknown}
 E - a potion of berserk rage
 G - 2 potions of cancellation


   Skills:
 + Level 3.0 Fighting
 - Level 15.7 Ranged Weapons
 - Level 2.1 Dodging
 - Level 0.7 Stealth


You couldn't memorise any spells.
You knew the following spells:

 Your Spells              Type           Power      Damage    Failure   Level
a - Apportation           Tloc           0%         N/A       38%         1
b - Static Discharge      Conj/Air       0%         3-3/arc   54%         2
c - Inner Flame           Hex/Fire       0%         N/A       77%         3
d - Spider Form           Tmut/Pois      0%         N/A       77%         3
e - Hailstorm             Conj/Ice       0%         3d3       99%         4
Your spell library was empty.

Dungeon Overview and Level Annotations

Branches:
Dungeon (10/15)            Temple (1/1) D:5            Lair (1/5) D:9
    Orc (0/2) D:10          IceCv (1/1)

Altars:
Ashenzari
Cheibriados
Dithmenos
Elyvilon
Fedhas
Gozag
Hepliaklqana
Makhleb
Nemelex Xobeh
Okawaru
Qazlal
Ru
Trog
Uskayaw
Wu Jian
Xom
Yredelemnul
Zin
The Shining One

Shops:
D:3 ?   D:7 :   D:9 *   D:10 [

Annotations:
D:7 iguanaiguana's ghost, novice MiFi


Innate Abilities, Weirdness & Mutations

You are immune to sickness and miasma.
You are immune to poison.
Your flesh is very heat resistant. (rF++)
You are vulnerable to cold. (rC-)
You float through the air rather than walking.
You learn spells naturally, not from books.
Your magical power is your life essence.
You have superior vitality. (+4 MHP)


Message History

The polar bear simulacrum closely misses you.
Fire: a) +1 shortbow (venom)
Press: ? - help, Q - select action, (/) - cycle Shift-Dir - straight line, f/p - dire elephant simulacrum
Aim: a dire elephant simulacrum (almost destroyed, umbra, 98% to hit)
You shoot an arrow.
The arrow hits the dire elephant simulacrum.
The dire elephant simulacrum is almost destroyed.
Unknown command.
Fire: a) +1 shortbow (venom)
Press: ? - help, Q - select action, (/) - cycle Shift-Dir - straight line, f/p - dire elephant simulacrum
Aim: a dire elephant simulacrum (almost destroyed, umbra, 98% to hit)
You shoot an arrow.
The arrow hits the dire elephant simulacrum.
The dire elephant simulacrum is almost destroyed.
The dire elephant simulacrum barely misses you.
The dire elephant simulacrum trunk-slaps you.
* * * LOW HITPOINT WARNING * * *
The dire elephant simulacrum freezes you!
You resist.
* * * LOW HITPOINT WARNING * * *
The polar bear simulacrum bites you but does no damage.
The polar bear simulacrum claws you but does no damage. x2
Okay, then.
Okay, then.
Unknown command.
Unknown command.
Fire: a) +1 shortbow (venom)
Press: ? - help, Q - select action, (/) - cycle Shift-Dir - straight line, f/p - dire elephant simulacrum
Aim: a dire elephant simulacrum (almost destroyed, umbra, 98% to hit)
You shoot an arrow.
The arrow hits the dire elephant simulacrum but does no damage.
The dire elephant simulacrum is almost destroyed.
The polar bear simulacrum bites you.
* * * LOW HITPOINT WARNING * * *
The polar bear simulacrum freezes you. You resist.
* * * LOW HITPOINT WARNING * * *
The polar bear simulacrum barely misses you.
The polar bear simulacrum claws you but does no damage.
The dire elephant simulacrum tramples you.
You die...

#######
#.....##
#......## Z
#@Z.....#...Z
#.Z..∩......Z
#.......#..Z.
#......## .
#.....##
#######


You could see a dire elephant simulacrum and a polar bear simulacrum.

Vanquished Creatures
  2 two-headed ogres (D:10)
  Amaemon (D:8)
  2 cane toads (Lair:1)
  Maggie (D:6)
  An orange demon (D:8)
  A komodo dragon (Lair:1)
  A troll (D:9)
  A hornet (D:9)
  A vampire (D:10)
  6 wyverns
  A wraith (D:10)
  4 yaks (Lair:1)
  2 basilisks (D:9)
  2 steam dragons
  2 acid dragons
  9 water moccasins
  Duvessa (D:4)
  3 ice beasts
  5 orc warriors
  4 black bears
  2 sky beasts
  7 ogres
  7 centaurs
  3 wolves
  2 kobold brigands
  4 bullfrogs
  3 scorpions
  A cane toad simulacrum (IceCv)
  7 wights
  Dowan (D:4)
  An elephant simulacrum (IceCv)
  9 killer bees
  3 howler monkeys
  5 orc priests
  A jelly (D:8)
  6 gnoll boudas
  Crazy Yiuf (D:3)
  7 hounds
  An iguana (D:7)
  7 orc wizards
  A wolf simulacrum (IceCv)
  A killer bee simulacrum (D:7)
  Robin (D:2)
  11 gnolls
  3 adders
  7 white imps
  A howler monkey simulacrum (D:7)
  An ufetubus (D:6)
  A worm (D:3)
  25 orcs
  5 bats
  4 endoplasms
  4 giant cockroaches (D:1)
  24 goblins
  9 hobgoblins
  4 quokkas
  3 ball pythons
  3 frilled lizards
  5 kobolds
  6 rats
247 creatures vanquished.

Vanquished Creatures (others)
  12 fungi
  15 plants
27 creatures vanquished.

Grand Total: 274 creatures vanquished

Notes
Turn   | Place    | Note
-------+----------+-------------------------------------------
     0 | D:1      | SnakkuSnakku7 the Djinni Hunter began the quest for the
                  | Orb.
     0 | D:1      | Reached XP level 1. HP: 18/18 MP: 0/0
    54 | D:1      | Reached XP level 2. HP: 21/23 MP: 0/0
   552 | D:2      | Reached skill level 4 in Ranged Weapons
   552 | D:2      | Reached XP level 3. HP: 28/28 MP: 0/0
   552 | D:2      | Learned a level 1 spell: Apportation
   589 | D:2      | Noticed a scorpion
   601 | D:2      | Killed a scorpion
   602 | D:2      | Reached XP level 4. HP: 22/33 MP: 0/0
   873 | D:2      | Reached XP level 5. HP: 38/38 MP: 0/0
   873 | D:2      | Learned a level 2 spell: Static Discharge
  1046 | D:2      | Reached skill level 5 in Ranged Weapons
  1069 | D:2      | Noticed Robin
  1080 | D:2      | Killed Robin
  1277 | D:3      | Noticed a +0 dagger
  1277 | D:3      | Noticed a +0 falchion
  1277 | D:3      | Noticed a +0 spear
  1277 | D:3      | Noticed a +0 short sword
  1282 | D:3      | Noticed a +0 short sword
  1282 | D:3      | Noticed a +0 falchion
  1285 | D:3      | Noticed a +0 dagger
  1286 | D:3      | Noticed a +0 spear
  1291 | D:3      | Identified the +3 leather armour of Fige {Drain rC++ MP+9
                  | Str+2}
  1310 | D:3      | Found a hide-covered altar of Uskayaw.
  1398 | D:3      | Found Urry Juh's Magic Scroll Shoppe.
  1403 | D:3      | Bought a scroll of identify for 28 gold pieces
  1403 | D:3      | Bought a scroll of teleportation for 42 gold pieces
  1403 | D:3      | Bought a scroll of noise for 14 gold pieces
  1495 | D:3      | Noticed an ogre
  1536 | D:3      | Noticed an ogre
  1665 | D:3      | Killed an ogre
  1666 | D:3      | Reached XP level 6. HP: 40/43 MP: 0/0
  1736 | D:3      | Found a runed translucent door.
  1737 | D:3      | Noticed Crazy Yiuf
  1787 | D:3      | Found an iron altar of Okawaru.
  1963 | D:4      | Reached skill level 6 in Ranged Weapons
  2054 | D:4      | Noticed Duvessa
  2082 | D:4      | HP: 2/64 [Duvessa/+0 rapier (6)]
  2083 | D:4      | Killed Duvessa
  2401 | D:4      | Reached XP level 7. HP: 49/49 MP: 0/0
  2401 | D:4      | Learned a level 3 spell: Inner Flame
  2406 | D:4      | Noticed Dowan
  2423 | D:4      | Killed Dowan
  2638 | D:4      | Reached skill level 7 in Ranged Weapons
  2858 | D:4      | You are sucked into a shaft and drop 3 floors!
  2895 | D:5      | Entered Level 5 of the Dungeon
  2911 | D:5      | Found a staircase to the Ecumenical Temple.
  2920 | Temple   | Entered the Ecumenical Temple
  2973 | D:5      | You are sucked into a shaft and drop 1 floor!
  3600 | D:5      | Reached XP level 8. HP: 50/54 MP: 0/0
  3706 | D:5      | Reached skill level 8 in Ranged Weapons
  4523 | D:6      | Noticed Maggie
  4537 | D:6      | Killed Maggie
  4538 | D:6      | Reached skill level 9 in Ranged Weapons
  4720 | D:6      | Identified the +7 hand axe of Immorality {spect, rElec
                  | rCorr Int+4 Dex+6}
  4861 | D:6      | Reached XP level 9. HP: 53/58 MP: 0/0
  4861 | D:6      | Learned a level 3 spell: Spider Form
  5277 | D:7      | Reached skill level 10 in Ranged Weapons
  5340 | D:7      | Found a glowing golden altar of the Shining One.
  5353 | D:7      | Found a sacrificial altar of Ru.
  5734 | D:7      | Found a runed translucent gate.
  5737 | D:7      | Found a runed translucent gate.
  5739 | D:7      | Found a runed translucent gate.
  5767 | D:7      | Found Hepeanat's Tremendous Tomes.
  5864 | D:7      | Found a shadowy altar of Dithmenos.
  5943 | D:7      | Noticed iguanaiguana's ghost (novice MiFi)
  5972 | D:7      | Became a worshipper of Dithmenos the Shadowed
  6032 | D:8      | Reached skill level 11 in Ranged Weapons
  6099 | D:8      | Found an ornate altar of the Wu Jian Council.
  6387 | D:8      | Found a stormy altar of Qazlal.
  6488 | D:8      | Found a basalt altar of Yredelemnul.
  6488 | D:8      | Found a blossoming altar of Fedhas.
  6598 | D:8      | Reached XP level 10. HP: 61/64 MP: 0/0
  6632 | D:8      | Reached skill level 12 in Ranged Weapons
  6637 | D:8      | Reached * piety under Dithmenos
  7413 | D:8      | Found a white marble altar of Elyvilon.
  7581 | D:3      | Killed Crazy Yiuf
  8058 | D:7      | Got the ring "Fegofikh" {Fire Int+2}
  8100 | D:9      | Found a staircase to the Lair.
  8100 | D:9      | Found Kadynk's Assorted Antiques.
  8250 | D:9      | Noticed Amaemon
  8253 | D:9      | Noticed an orange demon
  8446 | D:8      | Killed Amaemon
  8447 | D:8      | Reached skill level 13 in Ranged Weapons
  8469 | D:8      | Killed an orange demon
  8742 | D:9      | Reached XP level 11. HP: 68/68 MP: 0/0
  8742 | D:9      | Learned a level 4 spell: Hailstorm
  9104 | D:9      | Reached skill level 14 in Ranged Weapons
  9132 | D:9      | Bought a dented sapphire amulet for 100 gold pieces
  9132 | D:9      | Bought a metallic puce potion for 18 gold pieces
  9132 | D:9      | Bought a peridot ring for 100 gold pieces
  9132 | D:9      | Bought a fuming ruby potion for 18 gold pieces
  9185 | D:9      | Found a burning altar of Makhleb.
  9222 | D:9      | Reached ** piety under Dithmenos
  9574 | D:10     | Entered Level 10 of the Dungeon
  9634 | D:10     | Noticed a two-headed ogre
  9781 | D:10     | Noticed a two-headed ogre
  9793 | D:10     | Killed a two-headed ogre
  9794 | D:10     | Found a staircase to the Orcish Mines.
  9840 | D:10     | Found a sparkling altar of Nemelex Xobeh.
  9880 | D:10     | Killed a two-headed ogre
  9957 | D:10     | Reached skill level 15 in Ranged Weapons
 10004 | D:10     | Found Ogemu's Armour Emporium.
 10411 | D:10     | Reached *** piety under Dithmenos
 10637 | Lair:1   | Entered Level 1 of the Lair of Beasts
 10651 | Lair:1   | Reached XP level 12. HP: 60/74 MP: 0/0
 10751 | Lair:1   | Found a frozen archway.
 10828 | IceCv    | Entered an ice cave
 10856 | IceCv    | HP: 3/76 [polar bear simulacrum (4)]
 10856 | IceCv    | Slain by a dire elephant simulacrum

Illustrated notes

Levels and vault maps discovered:
D:1:      dpeg_arrival_shelter, layout_rooms
D:2:      layout_basic, uniq_robin
D:3:      layout_basic, mainiacjoe_overflow_alcove_4, nicolae_uskayaw_en_pointe,
          serial_shops, nicolae_shop_advertising_works
          [nicolae_subvault_shop_adworks], minmay_ogre_servants,
          uniq_crazy_yiuf_cottage
D:4:      layout_basic, uniq_duvessa
D:5:      layout_gridville, mainiacjoe_overflow_cross_hatched,
          minmay_temple_entry_statues_pillars
D:6:      layout_loops_ring, uniq_maggie
D:7:      layout_loops_ring, tso_oasis_becter,
          mainiacjoe_overflow_catwalk_spiral, old_standard_altar,
          gammafunk_ghost_icy, hangedman_decor_riveting,
          nicolae_shop_i_like_big_books
D:8:      layout_basic, kennysheep_mini, nzn_wu_jian_contemplation,
          mainiacjoe_overflow_alcove_2, gammafunk_temple_overflow_wave,
          kennysheep_kite_vault
D:9:      layout_rooms, lemuel_doored_altar, minmay_lair_entry_grove,
          serial_shops, shop, minmay_misc_feat_chi, hangedman_decor_lopped,
          uniq_amaemon
D:10:     kennysheep_seaside_town, layout_cave_pools,
          nicolae_overflow_crystal_walls, orc_0_dummy, serial_shops,
          nicolae_shop_crystal
Temple:   nicolae_temple_ecumenical_triangle
Lair:1:   layout_cave_pods, portal_ice_cave_entry_pillars_2, basic_altar,
          maelrawn_ghost_gauntlet_escape
IceCv:    ice_cave_statue_garden_chambered

Skill      XL: |  1  2  3  4  5  6  7  8  9 10 11 12 |
---------------+-------------------------------------+-----
Ranged Weapons | 4 5 6 7 9 11 13 15 | 15.7
Fighting       | 3 |  3.0
Dodging        | |  2.1
Stealth        | |  0.7

Action                   |  1- 3 |  4- 6 |  7- 9 | 10-12 || total
-------------------------+-------+-------+-------+-------++-------
 Fire: Shortbow          |    57 |   178 |   335 |   640 ||  1210
Evoke: Wand              |       |       |       |     2 ||     2
  Use: Scroll            |       |     8 |     4 |    14 ||    26
       Potion            |       |     3 |       |       ||     3
Armor: Leather armour    |    16 |    37 |   114 |   156 ||   323
       Skin              |       |     2 |       |       ||     2
Dodge: Dodged            |    22 |    66 |   140 |   226 ||   454
